Bruins vs Nordiques
Created - January 31, 2018 at 23:16
Goals
|
| Bruins |
1 |
0 |
1 |
2 |
| Nordiques |
1 |
3 |
1 |
5 |
|
Shots
|
| Bruins |
21 |
7 |
11 |
39 |
| Nordiques |
8 |
10 |
14 |
32 |
|
1st period
1. Bruins , Dave Bolland 13 (Viktor Stalberg 15, Nate Prosser 5) at 14:35
2. Nordiques , Matt Moulson 12 (Dustin Byfuglien 11) at 15:39
Penalties :
Marek Svatos (Que) for Hooking (Minor) at 11:02
2nd period
3. Nordiques , Paul Gaustad 7 (Jean-Pierre Dumont 7, Matt Moulson 12) at 1:01
4. Nordiques , Jean-Pierre Dumont 8 (Paul Gaustad 6, Matt Moulson 13) at 5:06
5. Nordiques , T.J. Fast 2 (R.J. Umberger 23, Marek Svatos 23) at 10:27
Penalties :
Alex Tanguay (Bos) for Interference (Minor) at 18:05
3rd period
6. Nordiques , Jean-Pierre Dumont 9 (Paul Gaustad 7, Matt Moulson 14) at 3:12
7. Bruins , Henrik Sedin 23 (Wojtek Wolski 33) at 9:12 (PP)
Penalties :
Dustin Byfuglien (Que) for Fighting (Major) at 3:30, Victor Oreskovich (Bos) for Fighting (Major) at 3:30, R.J. Umberger (Que) for Hooking (Minor) at 4:13, Kyle Calder (Que) for Slashing (Minor) at 9:06, Jean-Pierre Dumont (Que) for Roughing (Double Minor) at 15:16
Goalie Stats
Craig Anderson (Bos), 16 saves from 17 shots - (0.941), 29:33 minutes
Kevin Poulin (Bos), 11 saves from 15 shots - (0.733), L, 15-12-4, 30:27 minutes
Jonathan Quick (Que), 37 saves from 39 shots - (0.949), W, 21-13-4, 60:00 minutes
Players Stats for Bruins
Player Name G A P +/- PIM S H SB GA TA FO MP PP MP PK MP
------------------------------------------------------------------------------------
Alex Tanguay 0 0 0 -1 2 4 4 0 0 0 1/3 15:52 0:58 0:00
Andrew Alberts 0 0 0 -2 0 4 0 0 2 1 0/0 23:29 4:36 0:23
Cam Fowler 0 0 0 -1 0 3 2 1 0 1 0/0 19:19 2:57 0:00
Dave Bolland 1 0 1 -2 0 1 0 1 1 0 1/3 12:04 1:30 0:35
Dylan DeMelo 0 0 0 -2 0 0 0 1 1 0 0/0 12:59 0:30 0:00
Henrik Sedin 1 0 1 0 0 7 1 2 0 1 17/37 22:25 3:48 1:09
Jason Demers 0 0 0 -1 0 1 0 3 1 1 0/0 27:19 4:36 1:36
Kris Chucko 0 0 0 -1 0 0 0 0 0 0 0/0 8:41 0:00 0:39
Marc Savard 0 0 0 -1 0 0 0 0 1 0 9/12 17:48 3:19 0:00
Mike Fisher 0 0 0 -1 0 2 2 0 0 0 0/3 8:02 0:00 0:00
Nate Prosser 0 1 1 -2 0 1 0 1 0 0 0/0 13:22 0:30 0:23
Nathan Horton 0 0 0 -1 0 3 1 0 0 0 1/1 18:54 3:52 0:26
Nikolai Zherdev 0 0 0 -1 0 2 1 0 0 0 0/0 9:25 1:14 0:00
Rene Bourque 0 0 0 -2 0 2 1 0 0 0 1/1 9:50 0:00 0:00
Shane O'Brien 0 0 0 0 0 0 1 2 1 1 0/0 23:32 2:57 1:36
Victor Oreskovich 0 0 0 0 5 5 1 0 1 0 1/1 18:06 2:23 0:00
Viktor Stalberg 0 1 1 -2 0 1 1 1 1 0 1/1 14:27 3:17 0:00
Wojtek Wolski 0 1 1 0 0 3 0 1 0 0 2/4 22:25 3:48 1:09
Players Stats for Nordiques
Player Name G A P +/- PIM S H SB GA TA FO MP PP MP PK MP
------------------------------------------------------------------------------------
Bruno Gervais 0 0 0 1 0 0 0 0 0 1 0/0 13:17 0:00 0:51
Chris Drury 0 0 0 0 0 1 2 0 0 0 3/12 17:23 0:47 2:11
Daniel Briere 0 0 0 1 0 3 0 0 1 1 17/36 22:51 1:12 4:10
Dustin Byfuglien 0 1 1 1 5 0 0 4 0 1 0/0 18:17 0:54 2:17
Jean-Pierre Dumont 2 1 3 4 4 3 1 0 0 0 0/0 11:11 0:00 0:00
Kyle Calder 0 0 0 0 2 0 1 0 0 0 0/0 17:22 0:47 2:04
Marek Svatos 0 1 1 1 2 4 1 0 1 2 1/1 21:13 1:12 2:37
Mark Eaton 0 0 0 2 0 6 1 0 0 0 0/0 27:30 1:05 4:14
Matt Gilroy 0 0 0 1 0 0 2 0 0 1 0/0 12:54 0:00 1:16
Matt Moulson 1 3 4 4 0 1 2 0 0 0 0/0 11:30 0:00 0:39
Michael Ryder 0 0 0 -1 0 2 0 0 0 0 0/0 7:13 0:00 0:00
Nikolai Kulemin 0 0 0 -1 0 1 0 0 0 0 0/0 7:13 0:00 0:00
Paul Gaustad 1 2 3 4 0 3 0 2 1 0 4/6 13:56 0:00 3:05
R.J. Umberger 0 1 1 1 2 2 1 2 0 0 1/4 18:16 1:12 0:00
Rich Peverley 0 0 0 -1 0 1 0 0 0 0 5/6 7:13 0:00 0:00
Ryan Ellis 0 0 0 2 0 4 2 3 1 0 0/0 27:30 1:05 4:14
T.J. Fast 1 0 1 1 0 1 1 4 0 2 0/0 20:31 0:54 3:14
Vladimir Tarasenko 0 0 0 0 0 0 2 0 1 1 1/1 16:32 0:47 1:20
3 Stars
1 - Matt Moulson (Que)
2 - Paul Gaustad (Que)
3 - Jean-Pierre Dumont (Que)
Power Play
Bruins - 1 on 5 Attempt(s) - 20.00%
Nordiques - 0 on 1 Attempt(s) - 0.00%
Penalty Kill
Bruins - 1 on 1 Attempt(s) - 100.00%
- Score 0 goal in Penalty Kill
Nordiques - 4 on 5 Attempt(s) - 80.00%
- Score 0 goal in Penalty Kill
Team Stat
Bruins - Hits : 15 - Faceoff Wins : 34 - Blocked Shots : 13 - Penalty Minutes : 7
Nordiques - Hits : 16 - Faceoff Wins : 32 - Blocked Shots : 15 - Penalty Minutes : 15
Official
Referees : Walkom Stephen and Rehman Kyle
Linesman : David Brisebois and Jean Morin
Game Notes
Craig Anderson enters game at 10:27 of 2nd period
Dustin Byfuglien beats up Victor Oreskovich at 3:30 of 3rd period
Finance
Level 1 -- Attendance: 4154 (69.23%) -- Ticket Income $436,170
Level 2 -- Attendance: 3440 (68.80%) -- Ticket Income $223,600
Level 3 -- Attendance: 1370 (68.50%) -- Ticket Income $63,020
Level 4 -- Attendance: 2559 (63.98%) -- Ticket Income $89,565
Luxury Box -- Attendance: 788 (78.80%) -- Ticket Income $130,020
Game was played at the Centre Videotron.
Total Attendance: 12311 (68.39%)
Total Ticket Income: $942,375
Other Income: $141,356
Total Income: $1,083,731
Bruins
5 vs 5 Forward
Center Left Wing Right Wing Time % Phy DF OF
1 Henrik Sedin Wojtek Wolski Victor Oreskovich 40 0 2 3
2 Marc Savard Alex Tanguay Nathan Horton 30 0 2 3
3 Dave Bolland Viktor Stalberg Rene Bourque 20 1 2 2
4 Mike Fisher Kris Chucko Nikolai Zherdev 10 1 2 2
5 vs 5 Defense
Defense Defense Time % Phy DF OF
1 Jason Demers Shane O'Brien 40 0 2 3
2 Cam Fowler Andrew Alberts 30 1 2 2
3 Dylan DeMelo Nate Prosser 20 1 2 2
4 Jason Demers Andrew Alberts 10 1 2 2
PowerPlay Forward
Center Left Wing Right Wing Time % Phy DF OF
1 Henrik Sedin Wojtek Wolski Nathan Horton 60 0 1 4
2 Marc Savard Viktor Stalberg Victor Oreskovich 40 0 1 4
PowerPlay Defense
Defense Defense Time % Phy DF OF
1 Jason Demers Andrew Alberts 60 0 2 3
2 Cam Fowler Shane O'Brien 40 0 2 3
Penalty Kill 4 Players Forward
Center Wing Time % Phy DF OF
1 Henrik Sedin Wojtek Wolski 60 0 4 1
2 Nathan Horton Dave Bolland 40 0 4 1
Penalty Kill 4 Players Defense
Defense Defense Time % Phy DF OF
1 Jason Demers Shane O'Brien 60 0 5 0
2 Nate Prosser Andrew Alberts 40 0 5 0
Penalty Kill - 3 Players Forward
Forward Time % Phy DF OF
1 Wojtek Wolski 60 0 4 1
2 Nathan Horton 40 0 4 1
Penalty Kill - 3 Players Defense
Defense Defense Time % Phy DF OF
1 Jason Demers Shane O'Brien 60 0 5 0
2 Nate Prosser Andrew Alberts 40 0 5 0
4 vs 4 Forward
Center Wing Time % Phy DF OF
1 Henrik Sedin Wojtek Wolski 60 0 2 3
2 Marc Savard Victor Oreskovich 40 0 2 3
4 vs 4 Defense
Defense Defense Time % Phy DF OF
1 Jason Demers Shane O'Brien 60 1 2 2
2 Nate Prosser Andrew Alberts 40 1 2 2
Last Minutes Offensive
Center Left Wing Right Wing Defense Defense
Henrik Sedin Wojtek Wolski Victor Oreskovich Jason Demers Andrew Alberts
Last Minutes Defensive
Center Left Wing Right Wing Defense Defense
Henrik Sedin Wojtek Wolski Victor Oreskovich Jason Demers Shane O'Brien
Goaltenders
Starting : Kevin Poulin
Backup : Craig Anderson
Extra Forwards
Normal : Viktor Stalberg, Wojtek Wolski, Nathan Horton - PP : Viktor Stalberg, Dave Bolland - PK : Nathan Horton
Extra Defensemen
Normal : Cam Fowler, Jason Demers, Andrew Alberts - PP : Nate Prosser - PK : Nate Prosser, Cam Fowler
Penalty Shots
Wojtek Wolski, Viktor Stalberg, Nathan Horton, Marc Savard, Henrik Sedin
Scratches
Adam Pineault (Healthy), Kevin Bieksa (Groin Injury)
Nordiques
5 vs 5 Forward
Center Left Wing Right Wing Time % Phy DF OF
1 Daniel Briere R.J. Umberger Marek Svatos 40 1 2 2
2 Chris Drury Kyle Calder Vladimir Tarasenko 30 1 2 2
3 Paul Gaustad Matt Moulson Jean-Pierre Dumont 20 1 2 2
4 Rich Peverley Nikolai Kulemin Michael Ryder 10 1 2 2
5 vs 5 Defense
Defense Defense Time % Phy DF OF
1 Ryan Ellis Mark Eaton 40 1 2 2
2 Dustin Byfuglien T.J. Fast 30 1 2 2
3 Bruno Gervais Matt Gilroy 20 1 2 2
4 Ryan Ellis Mark Eaton 10 1 2 2
PowerPlay Forward
Center Left Wing Right Wing Time % Phy DF OF
1 Daniel Briere R.J. Umberger Marek Svatos 60 1 2 2
2 Chris Drury Kyle Calder Vladimir Tarasenko 40 1 2 2
PowerPlay Defense
Defense Defense Time % Phy DF OF
1 Ryan Ellis Mark Eaton 60 1 2 2
2 Dustin Byfuglien T.J. Fast 40 1 2 2
Penalty Kill 4 Players Forward
Center Wing Time % Phy DF OF
1 Daniel Briere Marek Svatos 60 1 2 2
2 Vladimir Tarasenko Chris Drury 40 1 2 2
Penalty Kill 4 Players Defense
Defense Defense Time % Phy DF OF
1 Ryan Ellis Mark Eaton 60 1 2 2
2 Dustin Byfuglien T.J. Fast 40 1 2 2
Penalty Kill - 3 Players Forward
Forward Time % Phy DF OF
1 Daniel Briere 60 1 2 2
2 Marek Svatos 40 1 2 2
Penalty Kill - 3 Players Defense
Defense Defense Time % Phy DF OF
1 Ryan Ellis Mark Eaton 60 1 2 2
2 Dustin Byfuglien T.J. Fast 40 1 2 2
4 vs 4 Forward
Center Wing Time % Phy DF OF
1 Daniel Briere Marek Svatos 60 1 2 2
2 Vladimir Tarasenko Chris Drury 40 1 2 2
4 vs 4 Defense
Defense Defense Time % Phy DF OF
1 Ryan Ellis Mark Eaton 60 1 2 2
2 Dustin Byfuglien T.J. Fast 40 1 2 2
Last Minutes Offensive
Center Left Wing Right Wing Defense Defense
Daniel Briere R.J. Umberger Marek Svatos Ryan Ellis Mark Eaton
Last Minutes Defensive
Center Left Wing Right Wing Defense Defense
Daniel Briere R.J. Umberger Marek Svatos Ryan Ellis Mark Eaton
Goaltenders
Starting : Jonathan Quick
Backup : Julien Ellis
Extra Forwards
Normal : Jean-Pierre Dumont, Matt Moulson, Paul Gaustad - PP : Jean-Pierre Dumont, Matt Moulson - PK : Paul Gaustad
Extra Defensemen
Normal : Bruno Gervais, Matt Gilroy, Dustin Byfuglien - PP : Bruno Gervais - PK : Matt Gilroy, Dustin Byfuglien
Penalty Shots
Daniel Briere, Marek Svatos, Vladimir Tarasenko, Chris Drury, R.J. Umberger
Scratches
Fedor Tyutin (Sprained Left Knee Injury), Marc-André Gragnani (Healthy)
% Time on Ice - Bruins
Lines # - Real PCT - Wanted PCT - Time Play
Normal Forward
1 - 35% - 40% - 17:28
2 - 29% - 30% - 14:38
3 - 20% - 20% - 9:50
4 - 16% - 10% - 8:02
Normal Defense
1 - 38% - 40% - 18:49
2 - 32% - 30% - 15:58
3 - 24% - 20% - 12:08
4 - 6% - 10% - 3:03
PP Forward
1 - 55% - 60% - 4:26
2 - 45% - 40% - 3:37
PP Defense
1 - 57% - 60% - 4:36
2 - 43% - 40% - 3:27
PK Forward
1 - 91% - 60% - 1:48
2 - 9% - 40% - 0:11
PK Defense
1 - 81% - 60% - 1:36
2 - 19% - 40% - 0:23
PK3 Forward
1 - 0% - 60%
2 - 0% - 40%
PK3 Defense
1 - 0% - 60%
2 - 0% - 40%
44 Forward
1 - 0% - 60%
2 - 0% - 40%
44 Defense
1 - 0% - 60%
2 - 0% - 40%
Last Minute Offensive - 0:00
Last Minute Defensive - 0:00
Total
Forward - 60:00
Defense - 60:00
|
% Time on Ice - Nordiques
Lines # - Real PCT - Wanted PCT - Time Play
Normal Forward
1 - 35% - 40% - 17:29
2 - 29% - 30% - 14:25
3 - 22% - 20% - 10:51
4 - 14% - 10% - 7:13
Normal Defense
1 - 36% - 40% - 18:11
2 - 33% - 30% - 16:23
3 - 23% - 20% - 11:24
4 - 8% - 10% - 4:00
PP Forward
1 - 61% - 60% - 1:12
2 - 39% - 40% - 0:47
PP Defense
1 - 55% - 60% - 1:05
2 - 45% - 40% - 0:54
PK Forward
1 - 83% - 60% - 6:43
2 - 17% - 40% - 1:20
PK Defense
1 - 60% - 60% - 4:49
2 - 40% - 40% - 3:14
PK3 Forward
1 - 0% - 60%
2 - 0% - 40%
PK3 Defense
1 - 0% - 60%
2 - 0% - 40%
44 Forward
1 - 0% - 60%
2 - 0% - 40%
44 Defense
1 - 0% - 60%
2 - 0% - 40%
Last Minute Offensive - 0:00
Last Minute Defensive - 0:00
Total
Forward - 60:00
Defense - 60:00
|
Play by Play
1st period
0:01 of 1st period - Daniel Briere wins face-off versus Henrik Sedin in neutral zone.
0:14 of 1st period - Snap shot by Henrik Sedin.
0:14 of 1st period - Stopped by Jonathan Quick with a rebound.
0:16 of 1st period - Slapshot by Jason Demers.
0:16 of 1st period - Shot Blocked by R.J. Umberger.
0:42 of 1st period - Shane O'Brien is hit by Kyle Calder.
0:52 of 1st period - Slapshot by Dave Bolland.
0:52 of 1st period - Shot Misses the Net.
1:00 of 1st period - Snap shot by Jean-Pierre Dumont.
1:00 of 1st period - Stopped by Kevin Poulin without a rebound.
1:01 of 1st period - Rich Peverley wins face-off versus Mike Fisher in Bruins zone.
1:08 of 1st period - Slapshot by Rich Peverley.
1:08 of 1st period - Shot Misses the Net.
1:10 of 1st period - Snap shot by Michael Ryder.
1:10 of 1st period - Stopped by Kevin Poulin without a rebound.
1:11 of 1st period - Rich Peverley wins face-off versus Mike Fisher in Bruins zone.
2:16 of 1st period - Slapshot by Rich Peverley.
2:16 of 1st period - Stopped by Kevin Poulin without a rebound.
2:17 of 1st period - Daniel Briere wins face-off versus Henrik Sedin in Bruins zone.
2:22 of 1st period - Snap shot by Marek Svatos.
2:22 of 1st period - Shot Misses the Net.
3:41 of 1st period - Kyle Calder is hit by Viktor Stalberg and loses puck.
4:02 of 1st period - Snap shot by Marc Savard.
4:02 of 1st period - Shot Misses the Net.
4:22 of 1st period - Bruno Gervais is hit by Alex Tanguay and loses puck.
4:43 of 1st period - Wojtek Wolski is hit by Matt Gilroy and loses puck.
6:40 of 1st period - Mark Eaton is hit by Victor Oreskovich and loses puck.
7:02 of 1st period - Snap shot by Rene Bourque.
7:02 of 1st period - Stopped by Jonathan Quick with a rebound.
7:04 of 1st period - Slapshot by Jason Demers.
7:04 of 1st period - Shot Misses the Net.
7:16 of 1st period - Mark Eaton is hit by Mike Fisher and loses puck.
7:23 of 1st period - Backhand shot by Mike Fisher.
7:23 of 1st period - Stopped by Jonathan Quick with a rebound.
8:00 of 1st period - Wrist shot by Chris Drury.
8:00 of 1st period - Stopped by Kevin Poulin without a rebound.
8:01 of 1st period - Daniel Briere wins face-off versus Henrik Sedin in Bruins zone.
9:15 of 1st period - Slapshot by Daniel Briere.
9:15 of 1st period - Stopped by Kevin Poulin with a rebound.
9:26 of 1st period - Icing by Shane O'Brien.
9:27 of 1st period - Paul Gaustad wins face-off versus Henrik Sedin in Bruins zone.
9:32 of 1st period - Slapshot by Jean-Pierre Dumont.
9:32 of 1st period - Shot Blocked by Jason Demers.
10:26 of 1st period - Snap shot by Kyle Calder.
10:26 of 1st period - Shot Misses the Net.
10:40 of 1st period - Snap shot by Nikolai Zherdev.
10:40 of 1st period - Stopped by Jonathan Quick with a rebound.
10:42 of 1st period - Slapshot by Andrew Alberts.
10:42 of 1st period - Stopped by Jonathan Quick with a rebound.
10:44 of 1st period - Snap shot by Cam Fowler.
10:44 of 1st period - Stopped by Jonathan Quick without a rebound.
10:45 of 1st period - Daniel Briere wins face-off versus Henrik Sedin in Nordiques zone.
11:02 of 1st period - Minor Penalty to Marek Svatos for Hooking.
11:03 of 1st period - Daniel Briere wins face-off versus Henrik Sedin in Nordiques zone.
11:08 of 1st period - Icing by Jason Demers.
11:09 of 1st period - Henrik Sedin wins face-off versus Daniel Briere in Bruins zone.
11:47 of 1st period - Snap shot by Henrik Sedin.
11:47 of 1st period - Deflect By Mark Eaton.
11:47 of 1st period - Stopped by Jonathan Quick without a rebound.
11:48 of 1st period - Marc Savard wins face-off versus Daniel Briere in Nordiques zone.
11:49 of 1st period - Snap shot by Victor Oreskovich.
11:49 of 1st period - Stopped by Jonathan Quick with a rebound.
11:51 of 1st period - Slapshot by Cam Fowler.
11:51 of 1st period - Shot Blocked by Dustin Byfuglien.
11:53 of 1st period - Backhand shot by Shane O'Brien.
11:53 of 1st period - Shot Blocked by Paul Gaustad.
11:55 of 1st period - Slapshot by Shane O'Brien.
11:55 of 1st period - Shot Blocked by T.J. Fast.
11:57 of 1st period - Wrist shot by Victor Oreskovich.
11:57 of 1st period - Stopped by Jonathan Quick without a rebound.
11:58 of 1st period - Daniel Briere wins face-off versus Marc Savard in Nordiques zone.
11:58 of 1st period - Daniel Briere is hit by Cam Fowler.
12:14 of 1st period - Slapshot by Victor Oreskovich.
12:14 of 1st period - Shot Misses the Net.
12:16 of 1st period - Slapshot by Cam Fowler.
12:16 of 1st period - Stopped by Jonathan Quick with a rebound.
12:18 of 1st period - Snap shot by Shane O'Brien.
12:18 of 1st period - Shot Blocked by T.J. Fast.
12:20 of 1st period - Slapshot by Cam Fowler.
12:20 of 1st period - Shot Blocked by Dustin Byfuglien.
12:22 of 1st period - Slapshot by Shane O'Brien.
12:22 of 1st period - Shot Misses the Net.
12:24 of 1st period - Slapshot by Shane O'Brien.
12:24 of 1st period - Deflect By Victor Oreskovich.
12:24 of 1st period - Stopped by Jonathan Quick with a rebound.
12:26 of 1st period - Backhand shot by Cam Fowler.
12:26 of 1st period - Stopped by Jonathan Quick with a rebound.
12:28 of 1st period - Wrist shot by Cam Fowler.
12:28 of 1st period - Shot Blocked by T.J. Fast.
12:30 of 1st period - Snap shot by Victor Oreskovich.
12:30 of 1st period - Shot Misses the Net.
12:32 of 1st period - Slapshot by Victor Oreskovich.
12:32 of 1st period - Stopped by Jonathan Quick without a rebound.
12:33 of 1st period - Vladimir Tarasenko wins face-off versus Henrik Sedin in Nordiques zone.
12:48 of 1st period - Snap shot by Wojtek Wolski.
12:48 of 1st period - Shot Misses the Net.
13:02 of 1st period - Penalty to Marek Svatos is over, Marek Svatos is back on ice.
13:18 of 1st period - Slapshot by Mark Eaton.
13:18 of 1st period - Stopped by Kevin Poulin without a rebound.
13:19 of 1st period - Henrik Sedin wins face-off versus Chris Drury in Bruins zone.
13:50 of 1st period - Marc Savard is hit by Matt Gilroy and loses puck.
14:33 of 1st period - Wrist shot by Dave Bolland.
14:33 of 1st period - Shot Misses the Net.
14:35 of 1st period - Slapshot by Dave Bolland.
14:35 of 1st period - Goal by Dave Bolland - Bruins : 1 - Nordiques : 0.
14:36 of 1st period - Wojtek Wolski wins face-off versus Daniel Briere in neutral zone.
14:43 of 1st period - Snap shot by Wojtek Wolski.
14:43 of 1st period - Stopped by Jonathan Quick without a rebound.
14:44 of 1st period - Daniel Briere wins face-off versus Henrik Sedin in Nordiques zone.
14:53 of 1st period - Wrist shot by R.J. Umberger.
14:53 of 1st period - Shot Blocked by Wojtek Wolski.
14:55 of 1st period - Slapshot by Mark Eaton.
14:55 of 1st period - Stopped by Kevin Poulin with a rebound.
14:57 of 1st period - Slapshot by Ryan Ellis.
14:57 of 1st period - Shot Misses the Net.
15:08 of 1st period - Off-side.
15:09 of 1st period - Chris Drury wins face-off versus Alex Tanguay in neutral zone.
15:34 of 1st period - Rene Bourque is hit by T.J. Fast and loses puck.
15:39 of 1st period - Wrist shot by Matt Moulson.
15:39 of 1st period - Goal by Matt Moulson - Bruins : 1 - Nordiques : 1.
15:40 of 1st period - Henrik Sedin wins face-off versus Daniel Briere in neutral zone.
16:05 of 1st period - Jason Demers is hit by Vladimir Tarasenko and loses puck.
17:16 of 1st period - Snap shot by Mike Fisher.
17:16 of 1st period - Stopped by Jonathan Quick without a rebound.
17:17 of 1st period - Nathan Horton wins face-off versus R.J. Umberger in Nordiques zone.
17:24 of 1st period - Alex Tanguay is hit by Ryan Ellis and loses puck.
17:35 of 1st period - Icing by Andrew Alberts.
17:36 of 1st period - Marc Savard wins face-off versus Chris Drury in Bruins zone.
17:50 of 1st period - Wrist shot by Alex Tanguay.
17:50 of 1st period - Stopped by Jonathan Quick with a rebound.
17:52 of 1st period - Snap shot by Alex Tanguay.
17:52 of 1st period - Shot Misses the Net.
17:54 of 1st period - Snap shot by Nathan Horton.
17:54 of 1st period - Shot Misses the Net.
17:56 of 1st period - Wrist shot by Alex Tanguay.
17:56 of 1st period - Stopped by Jonathan Quick with a rebound.
17:58 of 1st period - Slapshot by Andrew Alberts.
17:58 of 1st period - Stopped by Jonathan Quick with a rebound.
18:00 of 1st period - Slapshot by Cam Fowler.
18:00 of 1st period - Shot Blocked by Ryan Ellis.
18:02 of 1st period - Snap shot by Marc Savard.
18:02 of 1st period - Shot Misses the Net.
18:04 of 1st period - Slapshot by Andrew Alberts.
18:04 of 1st period - Stopped by Jonathan Quick without a rebound.
18:05 of 1st period - Daniel Briere wins face-off versus Henrik Sedin in Nordiques zone.
18:16 of 1st period - Wrist shot by Marek Svatos.
18:16 of 1st period - Shot Misses the Net.
19:35 of 1st period - Slapshot by Andrew Alberts.
19:35 of 1st period - Deflect By Mark Eaton.
19:35 of 1st period - Stopped by Jonathan Quick without a rebound.
19:36 of 1st period - Rich Peverley wins face-off versus Henrik Sedin in Nordiques zone.
Goals for this period are 1 for Bruins vs 1 for Nordiques.
Shots for this period are 21 for Bruins vs 8 for Nordiques.
2nd period
0:01 of 2nd period - Henrik Sedin wins face-off versus Daniel Briere in neutral zone.
0:03 of 2nd period - Off-side.
0:04 of 2nd period - Henrik Sedin wins face-off versus Daniel Briere in neutral zone.
0:06 of 2nd period - Off-side.
0:07 of 2nd period - Daniel Briere wins face-off versus Henrik Sedin in neutral zone.
0:17 of 2nd period - Slapshot by Marek Svatos.
0:17 of 2nd period - Stopped by Kevin Poulin with a rebound.
0:23 of 2nd period - Slapshot by Ryan Ellis.
0:23 of 2nd period - Stopped by Kevin Poulin with a rebound.
0:41 of 2nd period - Slapshot by Chris Drury.
0:41 of 2nd period - Shot Misses the Net.
0:59 of 2nd period - Snap shot by Jean-Pierre Dumont.
0:59 of 2nd period - Shot Misses the Net.
1:01 of 2nd period - Slapshot by Paul Gaustad.
1:01 of 2nd period - Goal by Paul Gaustad - Bruins : 1 - Nordiques : 2.
1:02 of 2nd period - Henrik Sedin wins face-off versus R.J. Umberger in neutral zone.
1:13 of 2nd period - Wrist shot by Henrik Sedin.
1:13 of 2nd period - Stopped by Jonathan Quick without a rebound.
1:14 of 2nd period - Henrik Sedin wins face-off versus Daniel Briere in Nordiques zone.
1:37 of 2nd period - R.J. Umberger is hit by Henrik Sedin and loses puck.
1:46 of 2nd period - Slapshot by Mark Eaton.
1:46 of 2nd period - Stopped by Kevin Poulin without a rebound.
1:47 of 2nd period - Marc Savard wins face-off versus Chris Drury in Bruins zone.
2:36 of 2nd period - R.J. Umberger is hit by Mike Fisher and loses puck.
2:41 of 2nd period - Wrist shot by Nikolai Zherdev.
2:41 of 2nd period - Stopped by Jonathan Quick with a rebound.
2:43 of 2nd period - Wrist shot by Nate Prosser.
2:43 of 2nd period - Shot Blocked by T.J. Fast.
3:23 of 2nd period - Wrist shot by Vladimir Tarasenko.
3:23 of 2nd period - Shot Misses the Net.
3:35 of 2nd period - Andrew Alberts is hit by Matt Moulson and loses puck.
4:17 of 2nd period - Rich Peverley is hit by Cam Fowler and loses puck.
5:00 of 2nd period - Snap shot by Paul Gaustad.
5:00 of 2nd period - Shot Blocked by Dave Bolland.
5:02 of 2nd period - Slapshot by Paul Gaustad.
5:02 of 2nd period - Shot Misses the Net.
5:04 of 2nd period - Wrist shot by Matt Moulson.
5:04 of 2nd period - Shot Blocked by Viktor Stalberg.
5:06 of 2nd period - Slapshot by Paul Gaustad.
5:06 of 2nd period - Deflect By Jean-Pierre Dumont.
5:06 of 2nd period - Deflect By Dave Bolland.
5:06 of 2nd period - Goal by Jean-Pierre Dumont - Bruins : 1 - Nordiques : 3.
5:07 of 2nd period - Victor Oreskovich wins face-off versus Daniel Briere in neutral zone.
5:32 of 2nd period - Henrik Sedin is hit by Matt Moulson.
6:13 of 2nd period - Off-side.
6:14 of 2nd period - Daniel Briere wins face-off versus Dave Bolland in neutral zone.
6:21 of 2nd period - Wrist shot by Marek Svatos.
6:21 of 2nd period - Stopped by Kevin Poulin with a rebound.
7:05 of 2nd period - Snap shot by Rich Peverley.
7:05 of 2nd period - Shot Misses the Net.
7:56 of 2nd period - Snap shot by Marek Svatos.
7:56 of 2nd period - Shot Misses the Net.
8:04 of 2nd period - Slapshot by Alex Tanguay.
8:04 of 2nd period - Stopped by Jonathan Quick without a rebound.
8:05 of 2nd period - Henrik Sedin wins face-off versus Chris Drury in Nordiques zone.
8:08 of 2nd period - Wrist shot by Victor Oreskovich.
8:08 of 2nd period - Deflect By Chris Drury.
8:08 of 2nd period - Stopped by Jonathan Quick with a rebound.
8:24 of 2nd period - Mark Eaton is hit by Shane O'Brien.
8:46 of 2nd period - Wrist shot by Victor Oreskovich.
8:46 of 2nd period - Deflect By Henrik Sedin.
8:46 of 2nd period - Stopped by Jonathan Quick with a rebound.
9:42 of 2nd period - Slapshot by Dave Bolland.
9:42 of 2nd period - Shot Blocked by Ryan Ellis.
10:00 of 2nd period - Backhand shot by Mark Eaton.
10:00 of 2nd period - Shot Blocked by Dylan DeMelo.
10:25 of 2nd period - Wrist shot by R.J. Umberger.
10:25 of 2nd period - Shot Blocked by Nate Prosser.
10:27 of 2nd period - Snap shot by T.J. Fast.
10:27 of 2nd period - Goal by T.J. Fast - Bruins : 1 - Nordiques : 4.
10:27 of 2nd period - Craig Anderson enters game.
10:28 of 2nd period - Alex Tanguay wins face-off versus Daniel Briere in neutral zone.
10:54 of 2nd period - Viktor Stalberg is hit by Chris Drury and loses puck.
11:19 of 2nd period - Nate Prosser is hit by Jean-Pierre Dumont and loses puck.
11:56 of 2nd period - Slapshot by Ryan Ellis.
11:56 of 2nd period - Stopped by Craig Anderson with a rebound.
12:18 of 2nd period - Wrist shot by Viktor Stalberg.
12:18 of 2nd period - Stopped by Jonathan Quick without a rebound.
12:19 of 2nd period - Henrik Sedin wins face-off versus Chris Drury in Nordiques zone.
12:42 of 2nd period - Icing by Kyle Calder.
12:43 of 2nd period - Marc Savard wins face-off versus Daniel Briere in Nordiques zone.
13:30 of 2nd period - Snap shot by Paul Gaustad.
13:30 of 2nd period - Stopped by Craig Anderson with a rebound.
13:33 of 2nd period - Icing by Andrew Alberts.
13:34 of 2nd period - Dave Bolland wins face-off versus Paul Gaustad in Bruins zone.
13:40 of 2nd period - Icing by Matt Gilroy.
13:41 of 2nd period - Paul Gaustad wins face-off versus Henrik Sedin in Nordiques zone.
15:06 of 2nd period - Slapshot by Alex Tanguay.
15:06 of 2nd period - Stopped by Jonathan Quick without a rebound.
15:07 of 2nd period - Marc Savard wins face-off versus Paul Gaustad in Nordiques zone.
15:25 of 2nd period - Icing by Cam Fowler.
15:26 of 2nd period - Daniel Briere wins face-off versus Alex Tanguay in Bruins zone.
16:02 of 2nd period - Snap shot by Chris Drury.
16:02 of 2nd period - Shot Misses the Net.
16:25 of 2nd period - Backhand shot by Rene Bourque.
16:25 of 2nd period - Shot Blocked by Paul Gaustad.
16:35 of 2nd period - Nikolai Zherdev is hit by Marek Svatos and loses puck.
18:05 of 2nd period - Minor Penalty to Alex Tanguay for Interference.
18:06 of 2nd period - Marek Svatos wins face-off versus Henrik Sedin in Bruins zone.
18:10 of 2nd period - Snap shot by Daniel Briere.
18:10 of 2nd period - Shot Misses the Net.
18:12 of 2nd period - Snap shot by R.J. Umberger.
18:12 of 2nd period - Stopped by Craig Anderson with a rebound.
18:14 of 2nd period - Snap shot by Marek Svatos.
18:14 of 2nd period - Shot Misses the Net.
18:16 of 2nd period - Slapshot by Dustin Byfuglien.
18:16 of 2nd period - Shot Misses the Net.
18:18 of 2nd period - Backhand shot by Dustin Byfuglien.
18:18 of 2nd period - Deflect By R.J. Umberger.
18:18 of 2nd period - Shot Blocked by Henrik Sedin.
18:18 of 2nd period - Puck is out of play.
18:19 of 2nd period - R.J. Umberger wins face-off versus Wojtek Wolski in Bruins zone.
Goals for this period are 0 for Bruins vs 3 for Nordiques.
Shots for this period are 7 for Bruins vs 10 for Nordiques.
3rd period
0:01 of 3rd period - Daniel Briere wins face-off versus Henrik Sedin in neutral zone.
0:04 of 3rd period - Wrist shot by Marek Svatos.
0:04 of 3rd period - Stopped by Craig Anderson with a rebound.
0:05 of 3rd period - Penalty to Alex Tanguay is over, Alex Tanguay is back on ice.
0:50 of 3rd period - Snap shot by Marc Savard.
0:50 of 3rd period - Deflect By Nathan Horton.
0:50 of 3rd period - Stopped by Jonathan Quick without a rebound.
0:51 of 3rd period - Marc Savard wins face-off versus Daniel Briere in Nordiques zone.
0:58 of 3rd period - Slapshot by Alex Tanguay.
0:58 of 3rd period - Shot Blocked by Dustin Byfuglien.
2:04 of 3rd period - Snap shot by Marek Svatos.
2:04 of 3rd period - Shot Blocked by Shane O'Brien.
2:06 of 3rd period - Slapshot by Bruno Gervais.
2:06 of 3rd period - Shot Misses the Net.
2:08 of 3rd period - Snap shot by Daniel Briere.
2:08 of 3rd period - Shot Misses the Net.
2:10 of 3rd period - Snap shot by Daniel Briere.
2:10 of 3rd period - Stopped by Craig Anderson without a rebound.
2:11 of 3rd period - Daniel Briere wins face-off versus Henrik Sedin in Bruins zone.
2:38 of 3rd period - Vladimir Tarasenko is hit by Rene Bourque and loses puck.
2:47 of 3rd period - Snap shot by Viktor Stalberg.
2:47 of 3rd period - Shot Misses the Net.
2:49 of 3rd period - Wrist shot by Viktor Stalberg.
2:49 of 3rd period - Deflect By Rene Bourque.
2:49 of 3rd period - Stopped by Jonathan Quick with a rebound.
2:51 of 3rd period - Wrist shot by Viktor Stalberg.
2:51 of 3rd period - Shot Misses the Net.
3:03 of 3rd period - Matt Moulson is hit by Nathan Horton and loses puck.
3:12 of 3rd period - Snap shot by Jean-Pierre Dumont.
3:12 of 3rd period - Goal by Jean-Pierre Dumont - Bruins : 1 - Nordiques : 5.
3:13 of 3rd period - Henrik Sedin wins face-off versus Daniel Briere in neutral zone.
3:24 of 3rd period - Shane O'Brien is hit by R.J. Umberger and loses puck.
3:30 of 3rd period - Dustin Byfuglien beats up Victor Oreskovich.
3:30 of 3rd period - Penalty to Dustin Byfuglien for Fighting.
3:30 of 3rd period - Penalty to Victor Oreskovich for Fighting.
3:31 of 3rd period - Daniel Briere wins face-off versus Wojtek Wolski in Bruins zone.
3:40 of 3rd period - Snap shot by Marek Svatos.
3:40 of 3rd period - Shot Blocked by Jason Demers.
3:42 of 3rd period - Backhand shot by Ryan Ellis.
3:42 of 3rd period - Stopped by Craig Anderson without a rebound.
3:43 of 3rd period - Viktor Stalberg wins face-off versus R.J. Umberger in Bruins zone.
3:47 of 3rd period - Jason Demers is hit by Mark Eaton.
3:51 of 3rd period - Snap shot by Wojtek Wolski.
3:51 of 3rd period - Stopped by Jonathan Quick without a rebound.
3:52 of 3rd period - Henrik Sedin wins face-off versus Daniel Briere in Nordiques zone.
4:11 of 3rd period - Slapshot by Henrik Sedin.
4:11 of 3rd period - Shot Misses the Net.
4:13 of 3rd period - Minor Penalty to R.J. Umberger for Hooking.
4:14 of 3rd period - Henrik Sedin wins face-off versus Daniel Briere in Nordiques zone.
6:13 of 3rd period - Penalty to R.J. Umberger is over, R.J. Umberger is back on ice.
6:46 of 3rd period - Kris Chucko is hit by Vladimir Tarasenko and loses puck.
6:53 of 3rd period - Nate Prosser is hit by Chris Drury and loses puck.
6:57 of 3rd period - Icing by Nate Prosser.
6:58 of 3rd period - Rich Peverley wins face-off versus Mike Fisher in Bruins zone.
7:01 of 3rd period - Slapshot by Michael Ryder.
7:01 of 3rd period - Shot Misses the Net.
7:07 of 3rd period - Slapshot by Ryan Ellis.
7:07 of 3rd period - Stopped by Craig Anderson with a rebound.
8:03 of 3rd period - Icing by Jason Demers.
8:04 of 3rd period - Paul Gaustad wins face-off versus Marc Savard in Bruins zone.
8:18 of 3rd period - Snap shot by Paul Gaustad.
8:18 of 3rd period - Stopped by Craig Anderson with a rebound.
8:42 of 3rd period - Snap shot by Wojtek Wolski.
8:42 of 3rd period - Shot Misses the Net.
8:44 of 3rd period - Snap shot by Henrik Sedin.
8:44 of 3rd period - Deflect By Wojtek Wolski.
8:44 of 3rd period - Shot Blocked by R.J. Umberger.
8:44 of 3rd period - Puck is out of play.
8:45 of 3rd period - Chris Drury wins face-off versus Henrik Sedin in Nordiques zone.
8:56 of 3rd period - Snap shot by Wojtek Wolski.
8:56 of 3rd period - Shot Misses the Net.
8:58 of 3rd period - Backhand shot by Nate Prosser.
8:58 of 3rd period - Deflect By Kyle Calder.
8:58 of 3rd period - Stopped by Jonathan Quick with a rebound.
9:00 of 3rd period - Slapshot by Nate Prosser.
9:00 of 3rd period - Shot Blocked by Ryan Ellis.
9:06 of 3rd period - Minor Penalty to Kyle Calder for Slashing.
9:07 of 3rd period - Henrik Sedin wins face-off versus Daniel Briere in Nordiques zone.
9:10 of 3rd period - Wrist shot by Wojtek Wolski.
9:10 of 3rd period - Stopped by Jonathan Quick with a rebound.
9:12 of 3rd period - Snap shot by Henrik Sedin.
9:12 of 3rd period - Goal by Henrik Sedin - Bruins : 2 - Nordiques : 5.
9:13 of 3rd period - Wojtek Wolski wins face-off versus Daniel Briere in neutral zone.
9:26 of 3rd period - Backhand shot by Daniel Briere.
9:26 of 3rd period - Shot Blocked by Jason Demers.
9:44 of 3rd period - Wrist shot by Mark Eaton.
9:44 of 3rd period - Stopped by Craig Anderson with a rebound.
9:46 of 3rd period - Backhand shot by Chris Drury.
9:46 of 3rd period - Shot Misses the Net.
9:48 of 3rd period - Wrist shot by Kyle Calder.
9:48 of 3rd period - Deflect By Jason Demers.
9:48 of 3rd period - Shot Blocked by Shane O'Brien.
9:48 of 3rd period - Puck is out of play.
9:49 of 3rd period - Marc Savard wins face-off versus Chris Drury in Bruins zone.
10:11 of 3rd period - Icing by Marc Savard.
10:12 of 3rd period - Paul Gaustad wins face-off versus Marc Savard in Bruins zone.
10:17 of 3rd period - Snap shot by Jean-Pierre Dumont.
10:17 of 3rd period - Shot Blocked by Cam Fowler.
10:19 of 3rd period - Wrist shot by Marek Svatos.
10:19 of 3rd period - Shot Misses the Net.
10:21 of 3rd period - Wrist shot by R.J. Umberger.
10:21 of 3rd period - Deflect By Marek Svatos.
10:21 of 3rd period - Shot Misses the Net.
10:21 of 3rd period - Puck is out of play.
10:22 of 3rd period - Daniel Briere wins face-off versus Henrik Sedin in Bruins zone.
10:29 of 3rd period - Victor Oreskovich is hit by Ryan Ellis and loses puck.
10:38 of 3rd period - Slapshot by Marek Svatos.
10:38 of 3rd period - Shot Blocked by Henrik Sedin.
10:56 of 3rd period - Slapshot by R.J. Umberger.
10:56 of 3rd period - Stopped by Craig Anderson without a rebound.
10:57 of 3rd period - Henrik Sedin wins face-off versus Chris Drury in Bruins zone.
11:22 of 3rd period - Dustin Byfuglien is hit by Alex Tanguay and loses puck.
11:53 of 3rd period - Wrist shot by Nikolai Kulemin.
11:53 of 3rd period - Stopped by Craig Anderson without a rebound.
11:54 of 3rd period - Henrik Sedin wins face-off versus Daniel Briere in Bruins zone.
12:01 of 3rd period - Snap shot by Henrik Sedin.
12:01 of 3rd period - Stopped by Jonathan Quick without a rebound.
12:02 of 3rd period - Henrik Sedin wins face-off versus Daniel Briere in Nordiques zone.
12:05 of 3rd period - Snap shot by Henrik Sedin.
12:05 of 3rd period - Stopped by Jonathan Quick without a rebound.
12:06 of 3rd period - Daniel Briere wins face-off versus Henrik Sedin in Nordiques zone.
13:04 of 3rd period - Wrist shot by Rene Bourque.
13:04 of 3rd period - Shot Misses the Net.
13:14 of 3rd period - Paul Gaustad is hit by Nikolai Zherdev and loses puck.
13:56 of 3rd period - Wrist shot by Daniel Briere.
13:56 of 3rd period - Deflect By Wojtek Wolski.
13:56 of 3rd period - Shot Misses the Net.
13:56 of 3rd period - Puck is out of play.
13:57 of 3rd period - Marc Savard wins face-off versus Chris Drury in Bruins zone.
14:05 of 3rd period - Off-side.
14:06 of 3rd period - Marc Savard wins face-off versus Chris Drury in neutral zone.
14:09 of 3rd period - Slapshot by Jason Demers.
14:09 of 3rd period - Shot Blocked by Dustin Byfuglien.
14:11 of 3rd period - Slapshot by Jason Demers.
14:11 of 3rd period - Shot Misses the Net.
14:13 of 3rd period - Snap shot by Alex Tanguay.
14:13 of 3rd period - Deflect By Nathan Horton.
14:13 of 3rd period - Shot Misses the Net.
14:13 of 3rd period - Puck is out of play.
14:14 of 3rd period - Henrik Sedin wins face-off versus Daniel Briere in Nordiques zone.
14:46 of 3rd period - Snap shot by Nathan Horton.
14:46 of 3rd period - Stopped by Jonathan Quick with a rebound.
14:48 of 3rd period - Wrist shot by Jason Demers.
14:48 of 3rd period - Stopped by Jonathan Quick with a rebound.
14:50 of 3rd period - Snap shot by Marc Savard.
14:50 of 3rd period - Shot Misses the Net.
15:16 of 3rd period - Double Minor Penalty to Jean-Pierre Dumont for Roughing.
15:17 of 3rd period - Daniel Briere wins face-off versus Henrik Sedin in Nordiques zone.
15:30 of 3rd period - Wrist shot by Nathan Horton.
15:30 of 3rd period - Stopped by Jonathan Quick with a rebound.
15:57 of 3rd period - Slapshot by Mark Eaton.
15:57 of 3rd period - Stopped by Craig Anderson with a rebound.
17:37 of 3rd period - T.J. Fast is hit by Alex Tanguay and loses puck.
19:10 of 3rd period - Mark Eaton is hit by Alex Tanguay and loses puck.
19:16 of 3rd period - Penalty to Jean-Pierre Dumont is over, Jean-Pierre Dumont is back on ice.
19:32 of 3rd period - Snap shot by Marek Svatos.
19:32 of 3rd period - Stopped by Craig Anderson with a rebound.
19:34 of 3rd period - Slapshot by Mark Eaton.
19:34 of 3rd period - Stopped by Craig Anderson with a rebound.
19:36 of 3rd period - Snap shot by Daniel Briere.
19:36 of 3rd period - Stopped by Craig Anderson without a rebound.
19:37 of 3rd period - Rich Peverley wins face-off versus Dave Bolland in Bruins zone.
19:44 of 3rd period - Snap shot by Michael Ryder.
19:44 of 3rd period - Stopped by Craig Anderson without a rebound.
19:45 of 3rd period - Rene Bourque wins face-off versus Rich Peverley in Bruins zone.
19:54 of 3rd period - Off-side.
19:55 of 3rd period - Chris Drury wins face-off versus Henrik Sedin in neutral zone.
Goals for this period are 1 for Bruins vs 1 for Nordiques.
Shots for this period are 11 for Bruins vs 14 for Nordiques.
Back to the Top